 Dungeon Crawl Stone Soup version 0.30.1-11-g7821555f0a (webtiles) character file.

Game seed: 17267766347320359533

258 dialouliti the Trooper (level 5, -3/48 HPs)
             Began as a Minotaur Fighter on Jan 5, 2024.
             Killed from afar by an orc wizard (6 damage)
             ... with a magic dart
             ... on level 3 of the Dungeon.
             The game lasted 00:03:40 (2284 turns).

dialouliti the Trooper (Minotaur Fighter)           Turns: 2284, Time: 00:03:40

Health: -3/48      AC:  7    Str: 22    XL:     5   Next: 94%
Magic:  4/4        EV:  8    Int:  4    God:
Gold:   92         SH:  9    Dex: 13    Spells: 4/4 levels left

rFire   . . .        a - +0 long sword
rCold   . . .        r - +0 kite shield
rNeg    . . .        b - +0 scale mail
rPois   .            (helmet unavailable)
rElec   .            (no cloak)
rCorr   .            (no gloves)
SInv    .            (no boots)
Will    .....        (no amulet) Stlth
                     (no ring)
HPRegen 0.28/turn    (no ring)
MPRegen 0.09/turn

%: no passive effects
@: attractive, invisible
A: horns 3, retaliatory headbutt, agile 1
a: no special abilities


You were on level 3 of the Dungeon.
You visited 1 branch of the dungeon, and saw 3 of its levels.

You collected 92 gold pieces.

Inventory:

Hand Weapons
 a - a +0 long sword (weapon)
Armour
 b - a +0 scale mail (worn)
 r - a +0 kite shield (worn)
Scrolls
 f - 2 scrolls of acquirement {unknown}
 i - 3 scrolls of noise {unknown}
 j - 2 scrolls of identify {unknown}
 k - a scroll of fear {unknown}
 l - 3 scrolls of teleportation {unknown}
 m - a scroll of enchant weapon {unknown}
 o - a scroll of poison {unknown}
Potions
 c - a potion of lignification {unknown}
 e - a potion of mutation
 g - a potion of attraction
 h - a potion of invisibility
 n - a potion of degeneration {unknown}
 p - a potion of flight {unknown}
 q - a potion of curing {unknown}


   Skills:
 * Level 5.4 Fighting
 * Level 4.8 Long Blades
 + Level 4.6 Armour
 + Level 4.6 Shields


You had 4 spell levels left.
You didn't know any spells.
Your spell library was empty.

Dungeon Overview and Level Annotations

Branches:
Dungeon (3/15)

Altars:
Sif Muna
The Shining One


Innate Abilities, Weirdness & Mutations

You have a pair of large horns on your head.
You reflexively headbutt those who attack you in melee.
You are agile. (Dex +4, Str/Int -1)


Message History

The puff of flame hits you! The hobgoblin hits you. Something hits you.
The hobgoblin hits you. The orc hits you with a +0 whip.
* * * LOW HITPOINT WARNING * * *
The hobgoblin attacks as you move away! The hobgoblin barely misses you.
Something hits you but does no damage. The orc attacks as you move away!
The orc completely misses you.
You feel less confused. The orc attacks as you move away!
You block the orc's attack. The hobgoblin attacks as you move away!
You block the hobgoblin's attack.
You hit something.
You hear some strange, mumbled words.
A puff of flame appears from out of thin air!
The puff of flame hits you.
* * * LOW HITPOINT WARNING * * *
You barely miss something. Your headbutt misses something.
Something hits you but does no damage. x2
You closely miss something. Your headbutt misses something.
You hear some strange, mumbled words.
A magic dart appears from out of thin air!
The magic dart hits you!
* * * LOW HITPOINT WARNING * * *
You closely miss something. Something hits you but does no damage.
You miss something.
You hear some strange, mumbled words.
A puff of flame appears from out of thin air!
The puff of flame hits you.
* * * LOW HITPOINT WARNING * * *
You block something's attack.
It was a potion of attraction.
You feel attractive to monsters. Something hits you but does no damage.
It was a potion of mutation.
You feel extremely strange.
You feel agile. The horns on your head grow some more.
Something hits you but does no damage.
It was a potion of invisibility.
You fade into invisibility!
You hear some strange, mumbled words.
A magic dart appears from out of thin air!
The magic dart hits you.
You die...

#.........#+
+.#######...........
#......##........#.##
#......##...........
#......##..........#
#......# .........#
.###...## #.#......# ..
#...# #.#.#.#..# #.#...#
##.#.#@#[. #.....#
#..#.#{#.######
###...####....#g#.......
##.....#.###oo...#
####....###.....#
#..>.........####
#...####......._# #...#
#........# #...#
#........#


You could see 2 orcs and a hobgoblin (unable to see you).

Vanquished Creatures
  Grinder (D:3)
  A gnoll (D:1)
  2 adders (D:2)
  4 ball pythons
  4 endoplasms
  5 goblins
  A hobgoblin (D:1)
  A quokka (D:2)
  3 bats
  3 frilled lizards
  2 kobolds (D:1)
  3 rats
30 creatures vanquished.

Notes
Turn   | Place    | Note
-------+----------+-------------------------------------------
     0 | D:1      | dialouliti the Minotaur Fighter began the quest for the
                  | Orb.
     0 | D:1      | Reached XP level 1. HP: 19/19 MP: 0/0
   488 | D:1      | Reached skill level 4 in Fighting
   488 | D:1      | Reached XP level 2. HP: 22/27 MP: 1/1
  1173 | D:2      | Found a glowing golden altar of the Shining One.
  1190 | D:2      | Reached XP level 3. HP: 30/33 MP: 2/2
  1964 | D:3      | Noticed Grinder
  1972 | D:3      | Paralysed by Grinder for 2 turns
  1977 | D:3      | Paralysed by Grinder for 4 turns
  1989 | D:3      | HP: 1/34 [Grinder/nerve-wracking pain (9)]
  1990 | D:3      | Killed Grinder
  1991 | D:3      | Reached skill level 5 in Fighting
  1991 | D:3      | Reached XP level 4. HP: 2/42 MP: 3/3
  1991 | D:3      | Reached XP level 5. HP: 2/48 MP: 4/4
  2254 | D:3      | Found a shimmering blue altar of Sif Muna.
  2281 | D:3      | HP: 2/48 [something/puff of flame (2)]
  2283 | D:3      | Gained mutation: You are agile. (Dex +4, Str/Int -1)
                  | [potion of mutation]
  2283 | D:3      | Gained mutation: You have a pair of large horns on your
                  | head. [potion of mutation]
  2284 | D:3      | Killed from afar by an orc wizard

Illustrated notes

Levels and vault maps discovered:
D:1:      saegor_arrival_fortress, layout_loops_ring
D:2:      layout_basic, basic_altar
D:3:      layout_basic, cheibriados_altar_1, overflow_temple_1_default,
          minmay_liquid_box, uniq_grinder, uniq_natasha, uniq_ijyb

Skill      XL: |  1  2  3 |
---------------+----------+-----
Fighting       | 4 5 |  5.4
Long Blades    | 3 4 |  4.8
Shields        | 4 |  4.6
Armour         | 4 |  4.6

Action                     |  1- 3 |  4- 6 || total
---------------------------+-------+-------++-------
  Melee: Long sword        |    76 |    19 ||    95
         Headbutt          |    15 |     2 ||    17
    Use: Potion            |     1 |     3 ||     4
 Armour: Scale mail        |    38 |    15 ||    53
  Dodge: Dodged            |    36 |    16 ||    52
  Block: Buckler           |    18 |       ||    18
         Kite shield       |     2 |     9 ||    11
